 Dungeon Crawl Stone Soup version 0.17.1-1-g73c8601 (webtiles) character file.

1962 riles the Protected (level 9, -6/79 HPs)
             Began as a Minotaur Fighter on Jan 12, 2016.
             Killed by divine providence
             ... invoked by an orc priest
              (13 damage)
             ... on level 8 of the Dungeon.
             The game lasted 00:41:48 (7043 turns).

riles the Protected (Minotaur Fighter)              Turns: 7043, Time: 00:41:48

Health: -6/79      AC: 13    Str: 24    XL:     9   Next: 0%
Magic:  8/8        EV:  9    Int:  5    God:
Gold:   238        SH: 11    Dex: 10    Spells: 0 memorised, 8 levels left

rFire  . . .     SeeInvis .     u - +0 flail (protect)
rCold  . . .     Clarity  .     b - +0 scale mail
rNeg   . . .     SustAt   .     c - +0 shield
rPois  .         Gourm    .     (helmet restricted)
rElec  .         Spirit   .     (no cloak)
rCorr  .         Warding  .     (no gloves)
rMut   .         Stasis   .     (no boots)
MR     .....                    (no amulet)
Stlth  ..........               (no ring)
                                (no ring)

@: not resistant to hostile enchantments, extremely unstealthy
A: retaliatory headbutt, horns 2
a: no special abilities


You were on level 8 of the Dungeon.
You were not hungry.

You visited 1 branch of the dungeon, and saw 7 of its levels.

You collected 238 gold pieces.

Inventory:

Hand Weapons
 a - a +0 flail
 j - a +1 dagger of venom
 u - a +0 flail of protection (weapon)
Missiles
 s - 2 javelins (quivered)
 J - 2 arrows of flame
Armour
 b - a +0 scale mail (worn)
 c - a +0 shield (worn)
 n - a +0 large shield
Magical Staves
 q - an uncursed staff of fire {unknown}
Jewellery
 y - an uncursed ring of flight {unknown}
 I - a cursed -2 ring of strength {unknown}
Wands
 w - a wand of slowing (15)
 z - a wand of slowing (35)
Scrolls
 d - a scroll of fear {unknown}
 f - 2 scrolls of noise {unknown}
 g - 5 scrolls of remove curse {unknown}
 h - 7 scrolls of identify {unknown}
 v - a scroll of amnesia {unknown}
 F - a scroll of recharging {unknown}
 G - a scroll of random uselessness {unknown}
 H - a scroll of brand weapon {unknown}
 K - a scroll of teleportation {unknown}
Potions
 l - 2 potions of magic {unknown}
 m - a potion of haste {unknown}
 o - a potion of resistance {unknown}
 p - 2 potions of heal wounds {unknown}
 r - a potion of brilliance {unknown}
 t - a potion of cancellation {unknown}
 B - a potion of flight {unknown}
 D - a potion of lignification {unknown}
Books
 x - a book of Spatial Translocations

   Spells                             Type                      Level
   a - Apportation                    Translocation                1
   b - Blink                          Translocation                2
   c - Shroud of Golubria             Charms/Translocation         2
   d - Portal Projectile              Translocation                3
   e - Teleport Other                 Translocation                3
   f - Passage of Golubria            Translocation                4
 C - a book of the Warp

   Spells                             Type                      Level
   a - Recall                         Summoning/Translocation      3
   b - Gell's Gravitas                Hexes/Translocation          3
   c - Force Lance                    Conjuration/Translocation    4
   d - Phase Shift                    Translocation                5
   e - Warp Weapon                    Charms/Translocation         5
   f - Summon Forest                  Summoning/Translocation      5
Comestibles
 e - 3 bread rations
 i - 3 meat rations
 k - 3 fruits
 A - 8 chunks of flesh


   Skills:
 + Level 7.3 Fighting
 + Level 6.8 Maces & Flails
 + Level 8.6 Armour
 - Level 1.0 Dodging
 + Level 8.1 Shields


You had 8 spell levels left.
You didn't know any spells.

Dungeon Overview and Level Annotations

Branches:
Dungeon (8/15)
 Temple: D:4-7         Lair: D:8-11

Altars:
Fedhas
Okawaru


Innate Abilities, Weirdness & Mutations

You reflexively headbutt those who attack you in melee.
You have a pair of horns on your head.


Message History

* * * LOW HITPOINT WARNING * * *
You closely miss the orc warrior.
The orc warrior is severely wounded.
You block the orc warrior's attack.
You sock the orc warrior!
You kill the orc warrior!
You have reached level 9!
Your experience leads to an increase in your attributes!
Increase (S)trength, (I)ntelligence, or (D)exterity?
You feel agile.
You feel better.
You closely miss the orc warrior. You headbutt the orc warrior.
The orc warrior is lightly wounded.
The orc priest calls upon Beogh to heal the orc warrior.
The orc warrior's wounds heal themselves!
The orc warrior hits you with a hand axe!
* * * LOW HITPOINT WARNING * * *
The orc priest invokes the aid of Beogh against you.
Something smites you!
You die...

.....<..>## .........#
......#.## ....###.# #
.### #.##.## ###.....#
#####.......#
#####............#
#####oo@..###........#
#####.÷ooo######.........#
.###.......o###
#.........#
....)..........#
#.........#
..#....(........#
#.........#
##...###......#
##.......## #.... #......#
#.......# #..... #.......#
##.....## #....P #.......#
.....#


You could see an orc warrior, 2 orc priests and 3 orcs.

Vanquished Creatures
  Eustachio (D:5)
  2 wargs (D:8)
  The ghost of apoch the Ducker, an amateur SpFi (D:5)
  Duvessa (D:7)
  An orc warrior (D:8)
  A black bear (D:6)
  An ogre (D:6)
  2 giant frogs (D:7)
  2 centaurs
  Dowan (D:7)
  A water moccasin zombie (D:6)
  A scorpion (D:7)
  2 jellies (D:7)
  2 crimson imps (D:6)
  An orc priest (D:6)
  A centaur skeleton (D:6)
  A centaur zombie (D:5)
  A hound (D:6)
  2 orc wizards (D:5)
  5 worker ants
  An iguana (D:6)
  7 adders
  3 gnolls (D:6)
  2 shadow imps
  An adder skeleton (D:6)
  A worm (D:2)
  A giant gecko (D:3)
  5 orcs
  4 goblins
  9 hobgoblins
  13 jackals
  11 bats
  6 giant cockroaches
  3 giant newts
  3 kobolds
  A quokka (D:7)
  A quokka skeleton (D:6)
  A quokka zombie (D:7)
  7 rats
110 creatures vanquished.

Notes
Turn   | Place    | Note
--------------------------------------------------------------
     0 | D:1      | riles the Minotaur Fighter began the quest for the Orb.
     0 | D:1      | Reached XP level 1. HP: 19/19 MP: 0/0
   216 | D:1      | Reached skill level 4 in Fighting
   284 | D:1      | Reached XP level 2. HP: 27/27 MP: 1/1
  1013 | D:2      | Reached XP level 3. HP: 4/34 MP: 2/2
  1399 | D:2      | Found a faded altar to an unknown god.
  1811 | D:2      | Reached XP level 4. HP: 38/41 MP: 3/3
  1900 | D:2      | Reached skill level 1 in Dodging
  2372 | D:3      | You fall through a shaft for 2 floors!
  2372 | D:5      | Entered Level 5 of the Dungeon
  2374 | D:5      | Noticed apoch's ghost (amateur SpFi)
  2397 | D:5      | Killed apoch's ghost
  2397 | D:5      | Reached skill level 5 in Fighting
  2397 | D:5      | Reached skill level 5 in Armour
  2397 | D:5      | Reached XP level 5. HP: 17/48 MP: 4/4
  2602 | D:5      | Noticed Eustachio
  2652 | D:5      | Killed Eustachio
  2652 | D:5      | Reached skill level 5 in Shields
  2652 | D:5      | Reached XP level 6. HP: 24/56 MP: 5/5
  3034 | D:5      | Found a blossoming altar of Fedhas.
  3675 | D:6      | Reached XP level 7. HP: 32/61 MP: 6/6
  3860 | D:6      | Reached skill level 6 in Armour
  4204 | D:6      | Reached skill level 5 in Maces & Flails
  5164 | D:6      | Reached skill level 7 in Armour
  5242 | D:6      | Found an iron altar of Okawaru.
  5553 | D:6      | Reached XP level 8. HP: 68/70 MP: 7/7
  6000 | D:7      | Noticed Duvessa
  6000 | D:7      | Noticed Dowan
  6022 | D:7      | Killed Duvessa
  6034 | D:7      | Killed Dowan
  6693 | D:7      | Reached skill level 8 in Armour
  7041 | D:8      | Reached XP level 9. HP: 11/79 MP: 8/8
  7043 | D:8      | Killed from afar by an orc priest

Action                   |  1- 3 |  4- 6 |  7- 9 || total
-------------------------+-------+-------+-------++-------
Melee: Flail             |    94 |   111 |   208 ||   413
  Use: Potion            |       |     2 |     3 ||     5
  Eat: Chunk             |     2 |     3 |     6 ||    11
       Bread ration      |       |     1 |       ||     1
       Fruit             |       |       |     3 ||     3
       Beef jerky        |       |       |     1 ||     1
